Map: Blackpink LE

Players

HeroMarine

  • Race: Terran Terran
  • League: Master
  • Spawn Location: 7:00

Namshar - Winner!

  • Race: Zerg Zerg
  • League: Grandmaster
  • Spawn Location: 1:00

Event: HomeStory Cup XVI

VOD

Have the link to the VOD?

Description

Time

  • Played on: Nov. 10, 2017, 5:48 p.m.
  • Length: 12:18

All games in this series

Show
View Real Time Build Order
Export as new Build Order

HeroMarine Terran 

Build Orders: Reaper Expand, Hellion Banshee, MMM Bio 

Get SALT Encoding   

  12  0:00  SCV  
  13  0:12  SCV  
  14  0:17  Supply Depot  
  14  0:25  SCV  
  15  0:36  Refinery  
  15  0:39  SCV  
  16  0:44  Barracks  
  16  0:51  SCV  
  17  1:03  SCV  
  18  1:15  SCV  
  19  1:31  Orbital Command  
  19  1:32  Reaper  
  20  1:41  Command Center  
  20  1:56  Factory  
  20  1:57  SCV  
  21  2:02  Refinery  
  21  2:09  SCV  
  21  2:13  Supply Depot  
  21  2:14  Barracks Reactor  
  22  2:21  SCV  
  23  2:35  SCV  
  24  2:43  Starport  
  24  2:47  SCV  
  25  2:53  Orbital Command  
  25  2:57  Hellion x2  
  29  2:59  SCV  
  29  3:00  Barracks Tech Lab  
  30  3:11  SCV  
  31  3:18  Hellion x2  
  31  3:19  SCV  
  36  3:23  SCV  
  37  3:27  Viking  
  37  3:28  Barracks Tech Lab  
  37  3:33  Supply Depot  
  37  3:34  SCV  
  40  3:35  SCV  
  41  3:46  SCV  
  41  3:47  Stimpack, Marine  
  41  3:48  SCV  
  44  3:53  Hellion  
  44  3:55  Hellion  
  48  3:57  Supply Depot  
  48  3:58  SCV  
  48  4:00  SCV  
  50  4:04  Banshee  
  53  4:10  Marine  
  53  4:12  Supply Depot  
  54  4:18  SCV  
  54  4:23  SCV  
  56  4:28  Command Center  
  56  4:30  SCV, Marine  
  58  4:35  SCV  
  59  4:41  Factory Reactor  
  59  4:42  Barracks  
  59  4:45  SCV  
  60  4:47  Barracks, SCV  
  60  4:48  Marine  
  62  4:57  SCV  
  62  4:58  Engineering Bay  
  62  4:59  SCV  
  64  5:00  Engineering Bay  
  64  5:04  Supply Depot  
  64  5:06  Marine  
  65  5:09  SCV  
  65  5:11  SCV  
  65  5:12  Refinery  
  65  5:13  Refinery  
  67  5:21  SCV  
  67  5:24  SCV, Marine  
  67  5:25  Terran Infantry Weapons Level 1, Terran Infantry Armor Level 1  
  70  5:28  Starport Reactor  
  68  5:36  SCV x2  
  68  5:41  Siege Tank, Marine x2  
  68  5:42  Marine  
  73  5:43  Orbital Command  
  73  5:47  Supply Depot  
  73  5:48  SCV x2, Marine x2  
  77  5:52  Combat Shields  
  77  5:58  Marine  
  77  5:59  Marine x2  
  77  6:00  SCV x2  
  82  6:05  Medivac x2, Orbital Command  
  82  6:06  Marine x2  
  88  6:12  SCV x2  
  88  6:16  Marine  
  88  6:17  Marine x2  
  93  6:18  Supply Depot  
  93  6:19  Supply Depot  
  93  6:24  SCV x2  
  95  6:33  SCV  
  95  6:36  SCV x2  
  95  6:37  Medivac, Armory  
  100  6:40  Medivac  
  100  6:41  Marine x2  
  100  6:44  Supply Depot  
  100  6:45  Supply Depot, SCV, Marine  
  100  6:46  Marine  
  107  6:48  SCV x2  
  107  6:49  Marine  
  110  6:55  Supply Depot  
  110  6:58  Marine, Siege Tank  
  110  6:59  Supply Depot, SCV, Marine  
  116  7:02  SCV  
  116  7:05  SCV, Marine  
  116  7:06  Marine  
  116  7:07  Marine  
  113  7:16  Marine  
  113  7:17  Medivac x2  
  113  7:18  Marine  
  113  7:20  Barracks  
  113  7:21  Barracks  
  119  7:23  Marine  
  119  7:24  Marine  
  119  7:25  Marine  
  122  7:31  Terran Infantry Weapons Level 2, Terran Infantry Armor Level 2  
  122  7:34  Marine  
  122  7:36  Marine  
  124  7:41  Marine x2  
  124  7:42  Marine  
  127  7:48  Siege Tank  
  127  7:49  Refinery, SCV  
  127  7:50  Refinery, SCV  
  131  7:51  Command Center  
  131  7:52  Marine  
  131  7:53  SCV, Marine  
  131  7:57  Medivac  
  131  7:58  Medivac  
  138  7:59  Marine x2  
  138  8:00  Marine  
  137  8:09  Barracks Reactor  
  137  8:10  Barracks Reactor, Marine  
  137  8:11  Supply Depot x2, Marine  
  139  8:16  Marine  
  139  8:17  Marine  
  139  8:18  Marine  
  139  8:20  Siege Tank  
  135  8:28  Marine  
  135  8:29  Marine  
  137  8:34  Marine  
  137  8:35  Barracks x2, Marine  
  137  8:36  Barracks, Marine  
  137  8:38  Medivac x2  
  143  8:45  Marine x2  
  143  8:47  Marine  
  145  8:48  Marine  
  145  8:52  Marine x3  
  145  8:53  Marine  
  145  8:54  Marine  
  145  8:55  Siege Tank  
  140  9:03  Marine x2  
  140  9:05  Marine  
  140  9:06  Marine  
  137  9:10  Marine x4  
  137  9:12  Medivac x2, Marine  
  146  9:21  Marine x2  
  146  9:22  Marine  
  146  9:23  Barracks Tech Lab x3  
  140  9:24  Marine  
  140  9:28  Marine x3, Siege Tank  
  149  9:31  Marine  
  149  9:34  Terran Vehicle Weapons Level 1  
  149  9:37  SCV x2  
  149  9:38  SCV  
  153  9:39  Marine x2, Planetary Fortress  
  153  9:40  Marine  
  153  9:42  Marine  
  155  9:46  Marauder x4  
  155  9:48  Liberator x2  
  154  10:03  Marine  
  154  10:04  Marine x5  
  154  10:06  Marine x2  
  158  10:07  Marauder x3  
  158  10:08  Marauder  
  158  10:10  SCV x3  
  158  10:11  Refinery x2  
  166  10:21  Marine x2  
  166  10:22  Marine x2  
  166  10:27  Concussive Shells  
  170  10:29  Marauder x4, Marine x2  
  180  10:35  Liberator, Marine x2  
  180  10:36  Supply Depot  
  180  10:39  Supply Depot, Marine  
  180  10:40  Liberator  
  132  10:44  Marine x3  
  132  10:47  Marine x2  
  131  10:50  Marauder x2, Marine x2  
  131  10:53  Marine x2  
  141  10:57  Marine  
  141  10:59  SCV x3  
  141  11:00  SCV  
  141  11:01  Marine  
  141  11:02  Marine x2  
  152  11:08  Marauder x2  
  152  11:11  SCV x2, Marine  
  157  11:12  Marine x2  
  157  11:14  Marauder  
  157  11:15  Marauder  
  164  11:21  Starport  
  164  11:22  Starport  
  164  11:24  Fusion Core, Marine x2  
  166  11:29  Marauder  
  166  11:31  Siege Tank  
  171  11:33  Marine x2  
  171  11:35  Medivac  
  171  11:36  Marine x2  
  171  11:39  Marauder, Marine x2  
  178  11:40  Medivac  
  153  11:54  Marauder x2, Marine x4  
  153  11:55  Marine x3  
Show
View Real Time Build Order
Export as new Build Order

Namshar Zerg - Winner!

Build Orders: Hatch First 

Get SALT Encoding   

  12  0:00  Drone  
  13  0:12  Overlord  
  13  0:16  Drone  
  14  0:31  Drone x2  
  14  0:34  Drone  
  17  0:51  Hatchery  
  17  0:54  Drone  
  17  0:58  Drone  
  18  1:09  Extractor  
  17  1:12  Spawning Pool  
  17  1:15  Drone  
  17  1:18  Drone  
  18  1:27  Drone  
  19  1:40  Drone  
  20  1:49  Overlord  
  20  1:58  Queen  
  22  2:03  Queen  
  22  2:04  Zergling x4  
  26  2:11  Drone  
  26  2:12  Metabolic Boost  
  26  2:14  Drone  
  28  2:22  Drone  
  29  2:25  Drone  
  30  2:32  Overlord  
  30  2:34  Queen  
  32  2:37  Drone  
  32  2:39  Queen  
  35  2:45  Overlord  
  35  2:48  Drone  
  36  3:00  Hatchery  
  36  3:04  Drone x2  
  37  3:08  Drone x2  
  39  3:15  Drone  
  39  3:16  Drone x2  
  42  3:20  Queen  
  42  3:26  Queen  
  46  3:31  Overlord  
  46  3:34  Drone x2  
  46  3:36  Drone  
  46  3:39  Zergling x4  
  51  3:47  Overlord, Zergling x2  
  51  3:48  Overlord  
  52  3:51  Overlord  
  52  3:56  Zergling x2  
  52  3:57  Zergling x2  
  52  3:58  Drone  
  52  4:00  Drone x2  
  57  4:04  Queen  
  58  4:20  Drone x4  
  58  4:21  Drone x2  
  64  4:29  Overlord  
  64  4:30  Drone x5  
  69  4:33  Drone  
  69  4:34  Drone  
  69  4:38  Spore Crawler  
  70  4:40  Spore Crawler x2  
  68  4:47  Drone  
  68  4:48  Drone x2  
  68  4:51  Extractor, Lair  
  68  4:52  Extractor, Drone  
  70  4:53  Drone x3  
  73  5:00  Overlord  
  73  5:04  Evolution Chamber x2, Drone  
  73  5:05  Baneling Nest, Drone x2  
  73  5:09  Extractor  
  72  5:15  Drone  
  72  5:16  Drone  
  72  5:20  Drone x6  
  72  5:21  Overlord, Drone  
  80  5:23  Drone  
  80  5:38  Drone  
  80  5:39  Drone x8  
  89  5:46  Extractor  
  89  5:47  Extractor, Zerg Melee Weapons Level 1  
  87  5:58  Drone  
  87  6:01  Hatchery x2  
  87  6:02  Zerg Ground Armor Level 1  
  86  6:04  Queen  
  86  6:06  Overlord  
  86  6:08  Zergling x12  
  94  6:18  Zergling x18  
  103  6:23  Centrifical Hooks  
  103  6:30  Infestation Pit  
  103  6:32  Overlord x2  
  102  6:34  Pneumatized Carapace  
  102  6:35  Zergling x2  
  102  6:36  Zergling x8  
  107  6:42  Overlord  
  107  6:46  Drone  
  108  6:49  Spore Crawler  
  108  6:51  Baneling  
  108  6:52  Baneling x8  
  107  7:07  Drone x6  
  107  7:08  Drone x2  
  110  7:10  Zergling x10  
  110  7:13  Hive  
  110  7:14  Burrow, Pathogen Glands  
  115  7:18  Baneling x2  
  115  7:35  Overlord x6  
  115  7:36  Zergling x2  
  119  7:37  Zergling x18  
  121  7:48  Zergling x18  
  121  7:49  Zergling x2  
  130  8:02  Zergling x4  
  130  8:03  Zergling x12  
  135  8:10  Queen, Infestor  
  135  8:11  Infestor x4  
  141  8:29  Drone x3  
  141  8:30  Extractor x2  
  141  8:33  Overlord x2  
  141  8:34  Overlord x2  
  142  8:35  Drone  
  142  8:36  Ultralisk Cavern  
  142  8:38  Zergling x2  
  142  8:39  Zergling x14  
  149  8:41  Hatchery  
  149  8:44  Drone  
  149  8:45  Drone x4  
  148  9:02  Drone  
  143  9:03  Zerg Melee Weapons Level 2, Zerg Ground Armor Level 2  
  143  9:05  Adrenal Glands  
  144  9:10  Drone x2  
  144  9:11  Infestor  
  144  9:13  Zergling x16  
  144  9:14  Zergling x8  
  158  9:21  Zergling x2  
  158  9:22  Zergling x4  
  158  9:23  Queen  
  159  9:24  Queen  
  161  9:31  Chitinous Plating  
  161  9:33  Ultralisk, Zergling x2  
  161  9:34  Zergling x6  
  161  9:35  Queen  
  161  9:38  Drone x3  
  174  9:45  Baneling x5  
  175  9:46  Baneling x4  
  175  9:51  Zergling x8  
  179  9:53  Zergling x4  
  170  10:00  Zergling x14  
  170  10:06  Ultralisk  
  176  10:12  Drone  
  177  10:14  Spire  
  177  10:21  Drone x3  
  179  10:27  Infestor  
  181  10:29  Ultralisk x2  
  180  10:54  Infestor x2  
  180  10:55  Ultralisk, Zergling x2  
  180  10:56  Zergling x34  
  192  11:04  Ultralisk, Zergling x2  
  192  11:10  Baneling x8  
  199  11:17  Baneling x3  
  199  11:24  Spore Crawler x2  
  197  11:27  Drone x2  
  197  11:28  Spore Crawler  
Tags
 
Add a new tag
Caveats
  • Supply blocks, unpowered buildings, or Contaminate may cause inaccurate times.
  • Supply counts are checked every 10 seconds.